 Dungeon Crawl Stone Soup version 0.19.0-23-gf02e663 (webtiles) character file.

361 RKaid the Cleaver (level 6, -6/51 HPs)
             Began as a Minotaur Berserker on Nov 19, 2016.
             Was a Believer of Trog.
             Mangled by an ogre
             ... wielding a +0 giant club
              (10 damage)
             ... on level 6 of the Dungeon.
             The game lasted 00:03:07 (2531 turns).

RKaid the Cleaver (Minotaur Berserker)              Turns: 2531, Time: 00:03:08

Health: -6/51      AC:  4    Str: 24    XL:     6   Next: 38%
Magic:  14/14      EV: 12    Int:  4    God:    Trog [**....]
Gold:   150        SH:  0    Dex:  9    Spells: 0 memorised, 5 levels left

rFire  . . .     SeeInvis .     a - +0 hand axe
rCold  . . .     Gourm    .     m - +0 leather armour {MR+}
rNeg   . . .     Faith    .     (no shield)
rPois  .         Spirit   .     (helmet restricted)
rElec  .         Reflect  .     j - +0 cloak
rCorr  .         Harm     .     (no gloves)
MR     +....                    (no boots)
Stlth  ++........               (no amulet)
                                l - ring of stealth {Stlth+}
                                h - ring of magical power {MP+9}

@: exhausted, slowed, very slow
A: retaliatory headbutt, horns 2
a: Berserk, Trog's Hand, Burn Spellbooks, Renounce Religion


You were on level 6 of the Dungeon.
You worshipped Trog.
Trog was pleased with you.
You were very hungry.

You visited 1 branch of the dungeon, and saw 5 of its levels.

You collected 150 gold pieces.

Inventory:

Hand Weapons
 a - a +0 hand axe (weapon)
 r - a +0 battleaxe
   (You took it off an orc warrior on level 6 of the Dungeon)
Armour
 j - a +0 cloak (worn)
   (You took it off Crazy Yiuf on level 2 of the Dungeon)
 m - a +0 leather armour of magic resistance (worn)
   (You found it on level 1 of the Dungeon)
Jewellery
 h - a ring of magical power (left hand) {MP+9}
   (You found it on level 1 of the Dungeon)
 l - a ring of stealth (right hand) {Stlth+}
   (You found it on level 1 of the Dungeon)
Wands
 p - a wand of acid (6/15)
   (You found it on level 2 of the Dungeon)
Scrolls
 e - 2 scrolls of identify {unknown}
 g - a scroll of random uselessness {unknown}
 i - a scroll of magic mapping {unknown}
 o - a scroll of enchant armour {unknown}
Potions
 b - 2 potions of lignification {unknown}
 k - a potion of might {unknown}
 n - 2 potions of berserk rage {!q}
 q - a potion of invisibility
Comestibles
 c - 3 bread rations
 d - a beef jerky
 f - 4 chunks of flesh


   Skills:
 - Level 3.6 Fighting
 + Level 8.7 Axes
 - Level 2.4 Armour
 - Level 2.1 Dodging


You had 5 spell levels left.
You didn't know any spells.

Dungeon Overview and Level Annotations

Branches:
Dungeon (4/15)
 Temple: D:4-7

Altars:
Dithmenos
Nemelex Xobeh
Uskayaw
Yredelemnul


Innate Abilities, Weirdness & Mutations

You reflexively headbutt those who attack you in melee.
You have a pair of horns on your head.


Message History

You feel sick. 2 orcs come into view.
An orc is wielding a mace of venom.
Found a stone staircase leading down.
There are monsters nearby!
There are monsters nearby!
There are monsters nearby!
There are monsters nearby!
There are monsters nearby!
You feel sick.
The orc shouts!
An orc comes into view. It is wielding a short sword.
There are monsters nearby!
A leopard gecko comes into view.
The leopard gecko hisses angrily.
The orc shouts!
The orc barely misses you.
An orc warrior comes into view. It is wielding a battleaxe.
The orc warrior shouts!
You hit the orc but do no damage. Your headbutt misses the orc.
You hit the orc. You barely miss the orc.
You feel sick. The orc hits you but does no damage.
You barely miss the orc. x2; The orc closely misses you.
You furiously retaliate!
You headbutt the orc!
You kill the orc!
Trog accepts your kill. The orc closely misses you.
You barely miss the orc. The orc hits you with a trident.
You hit the orc.
You kill the orc!
Trog accepts your kill.
You closely miss the leopard gecko. The leopard gecko barely misses you.
You miss the leopard gecko.
You feel sick.
The leopard gecko bites you but does no damage.
The leopard gecko barely misses you.
You barely miss the orc warrior. You closely miss the leopard gecko.
You hit the orc but do no damage.
The orc warrior hits you with a battleaxe.
The leopard gecko closely misses you.
You hit the orc warrior. You closely miss the leopard gecko.
You barely miss the orc. The orc closely misses you.
The leopard gecko closely misses you.
You closely miss the orc warrior. You hit the orc but do no damage.
You barely miss the leopard gecko.
The orc warrior hits you with a battleaxe!
The orc barely misses you. You furiously retaliate!
You headbutt the orc. The leopard gecko closely misses you.
You are too injured to fight recklessly!
You are too injured to fight recklessly!
You are too injured to fight recklessly!
You are too injured to fight recklessly!
A red film seems to cover your vision as you go berserk!
You feel yourself moving faster!
You feel mighty!
You are feeling very hungry.
You feel sick. The orc hits you with a short sword.
The leopard gecko barely misses you. The orc warrior misses you.
You furiously retaliate!
You headbutt the orc warrior!!
You kill the orc warrior!
Trog accepts your kill.
You feel a strong urge to attack something.
The orc closely misses you. You furiously retaliate!
You headbutt the orc. The leopard gecko barely misses you.
Items here: )) [ † a battleaxe; a chain mail; a trident; an orc corpse The leopard gecko closely misses you.
The orc hits you with a short sword!
You slash the orc!
You kill the orc!
Trog accepts your kill.
You slash the leopard gecko!
You kill the leopard gecko!
Trog accepts your kill.
You now have 150 gold pieces (gained 12).
Things that are here:
a mace of venom; a leopard gecko corpse; an orc corpse You feel a strong urge to attack something.
You feel sick.
You are no longer poisoned.
r - a battleaxe
Things that are here:
a chain mail; a trident; an orc corpse You are no longer berserk.
Trog's vigour flows through your veins.
You are exhausted.
You feel yourself slow down.
Things that are here:
a short sword; a scale mail; an orc corpse
Things that are here:
a chain mail; a trident; an orc corpse
Things that are here:
a mace of venom; a leopard gecko corpse; an orc corpse An ogre comes into view.
It is wielding a giant club.
The ogre shouts!
The ogre moves out of view.
The ogre closely misses you.
You see here a potion of agility.
The ogre barely misses you. The ogre hits you with a giant club!
* * * LOW HITPOINT WARNING * * *
A wight comes into view. It is wielding a long sword.
Okay, then.
The ogre hits you with a giant club!
You die...

#.#.......#
#.#z......#
........>#
####.#...#.#
.........#.#
.......)[).#
...........####
...........O..##
.......#..@##.!#
####+#.....###.#
##....# #.#
#....###.. #.#
##....###.# #.#
#....# #.#.#.#
##...###.#.#.#
#.#..##.#.#.#
#....##...#.#


You could see an ogre and a wight (wandering).

Vanquished Creatures
  A phantom (D:3)
  An orc warrior (D:6)
  Crazy Yiuf (D:2)
  An orc priest (D:3)
  An orc wizard (D:3)
  A worker ant (D:6)
  An adder (D:3)
  3 dart slugs
  A leopard gecko (D:6)
  8 orcs
  3 bats
  3 giant cockroaches
  7 goblins
  9 hobgoblins
  6 kobolds
  A quokka (D:6)
  A ball python (D:1)
  2 frilled lizards (D:3)
  3 rats
54 creatures vanquished.

Vanquished Creatures (others)
  A bat (D:3)
1 creature vanquished.

Grand Total: 55 creatures vanquished

Notes
Turn   | Place    | Note
-------+----------+-------------------------------------------
     0 | D:1      | RKaid the Minotaur Berserker began the quest for the Orb.
     0 | D:1      | Reached XP level 1. HP: 19/19 MP: 0/0
   235 | D:1      | Reached skill level 4 in Axes
   297 | D:1      | Reached XP level 2. HP: 23/26 MP: 1/1
   935 | D:2      | Reached skill level 5 in Axes
  1093 | D:2      | Found a hide-covered altar of Uskayaw.
  1093 | D:2      | Noticed a dagger
  1094 | D:2      | Noticed a dagger
  1135 | D:2      | Reached XP level 3. HP: 26/31 MP: 2/2
  1158 | D:2      | Reached ** piety under Trog
  1185 | D:2      | Found a shadowy altar of Dithmenos.
  1223 | D:2      | Found a runed door.
  1598 | D:2      | You fall through a shaft for 2 floors!
  1618 | D:3      | Noticed a phantom
  1636 | D:3      | HP: 3/31 [phantom (6)]
  1637 | D:3      | HP: 1/31 [phantom (2)]
  1649 | D:3      | Killed a phantom
  1649 | D:3      | Reached skill level 6 in Axes
  1649 | D:3      | Reached XP level 4. HP: 28/39 MP: 3/3
  1649 | D:3      | Reached XP level 5. HP: 32/45 MP: 4/4
  1726 | D:3      | Reached skill level 7 in Axes
  1890 | D:2      | Noticed Crazy Yiuf
  1895 | D:2      | Killed Crazy Yiuf
  2233 | D:3      | Found a faded altar of an unknown god.
  2380 | D:3      | Found a basalt altar of Yredelemnul.
  2388 | D:3      | Reached skill level 8 in Axes
  2407 | D:3      | You fall through a shaft for 3 floors!
  2429 | D:6      | Found a sparkling altar of Nemelex Xobeh.
  2490 | D:6      | Reached XP level 6. HP: 45/51 MP: 5/5
  2501 | D:6      | Noticed an orc warrior
  2511 | D:6      | Killed an orc warrior
  2529 | D:6      | HP: 3/51 [ogre/giant club (15)]
  2531 | D:6      | Mangled by an ogre

Skill      XL: |  1  2  3  4  5 |
---------------+----------------+-----
Axes           | 4 5 6 8 |  8.7
Fighting       | |  3.6
Armour         | |  2.4
Dodging        | |  2.1

Action                   |  1- 3 |  4- 6 || total
-------------------------+-------+-------++-------
Melee: Hand axe          |    67 |    57 ||   124
       Headbutt          |    12 |     5 ||    17
Invok: Berserk           |     1 |     2 ||     3
  Use: Potion            |     5 |       ||     5
 Stab: Sleeping          |     2 |     2 ||     4
  Eat: Chunk             |     2 |     5 ||     7
Armor: Leather armour    |     6 |     9 ||    15
Dodge: Dodged            |    50 |    37 ||    87

Vault maps used:
D:1:      mrwooster_arrival_arrow
D:2:      lemuel_crystal_altar, dancing_weapons_uskayaw, first_bread,
          uniq_crazy_yiuf_cottage
D:3:      lemuel_crystal_altar, grunt_temple_overflow_holy_war,
          gup_sewer_entry_pipe, ecumenical_altar_2, nrook_loot_triangle,
          elyvilon_altar_4
D:4:      fedhas_bush_and_centaur_altar, serial_shops, shop, shop,
          nicolae_dithmenos_shadow_blocks
D:6:      nemelex_xobeh_ov_fountains_minmay

Table legend:
 A = Turns spent in this place as a percentage of turns spent in the entire game.
 B = Non-inter-level travel turns spent in this place as a percentage of non-inter-level travel turns spent in the entire game.
 C = Inter-level travel turns spent in this place as a percentage of turns spent in this place.
 D = Turns resting spent in this place as a percentage of non-inter-level travel turns spent in this place.
 E = Turns spent auto-exploring this place as a percentage of non-inter-level travel turns spent in this place.
 F = Non-inter-level travel turns spent in this place divided by the number of levels of this place that you've seen.
                   A       B       C       D       E      F
               +-------+-------+-------+-------+-------+----------------------
         Total | 100.0 | 100.0 |   0.6 |   1.9 |  14.8 | 127.0
       Dungeon | 100.0 | 100.0 |   0.6 |   1.9 |  14.8 | 127.0
               +-------+-------+-------+-------+-------+----------------------

Table legend:
 A = Kills in this place as a percentage of kills in entire the game.
 B = Kills by you in this place as a percentage of kills by you in the entire game.
 C = Kills by friends in this place as a percentage of kills by friends in the entire game.
 D = Other kills in this place as a percentage of other kills in the entire game.
 E = Experience gained in this place as a percentage of experience gained in the entire game.
 F = Experience gained in this place divided by the number of levels of this place that you have seen.
                   A       B       C       D       E      F
               +-------+-------+-------+-------+-------+----------------------
         Total | 100.0 | 100.0 |  -nan |  -nan | 100.0 | 103.2
       Dungeon | 100.0 | 100.0 |  -nan |  -nan | 100.0 | 103.2
               +-------+-------+-------+-------+-------+----------------------
